 Dungeon Crawl Stone Soup version 0.30-a0-341-g682706514a (webtiles) character file.

Game seed: 15625268574001191105

79 porpoise the Magician (level 4, 0/51 HPs)
             Began as a Djinni Fire Elementalist on Nov 4, 2022.
             Slain by a hobgoblin (3 damage)
             ... led by Robin
             ... on level 2 of the Dungeon.
             The game lasted 00:10:20 (1133 turns).

porpoise the Magician (Djinni Fire Elementalist)    Turns: 1133, Time: 00:10:21

Health: 0/51       AC: 22    Str:  7    XL:     4   Next: 62%
Gold:   45         EV:  2    Int: 19    God:
                   SH:  0    Dex: 13

rFire   . . .      SeeInvis .    a - +1 short sword
rCold   . . .      Faith    .    (no shield)
rNeg    . . .      Spirit   .    (body armour currently unavailable)
rPois   ∞          Reflect  .    (helmet currently unavailable)
rElec   .          Harm     .    (cloak currently unavailable)
rCorr   .          Rampage  .    (gloves currently unavailable)
Will    .....      NoTele   +    (boots unavailable)
Stlth   ++........               (no amulet)
HPRegen 0.28/turn                (no ring)
MPRegen 0.00/turn                (no ring)

@: tree-form
A: stationary, stasis, torment immunity, boosted hp, sickness immunity, (fire
resistance 2), (cold vulnerability 1), float, innate caster, HP casting, extra
vitality 1
a: no special abilities


You were on level 2 of the Dungeon.
You were a tree.
You visited 1 branch of the dungeon, and saw 2 of its levels.

You collected 45 gold pieces.

Inventory:

Hand Weapons
 a - a +1 short sword (weapon)
 b - a +1 vorpal sling
Missiles
 k - 4 poisoned darts
Armour
 e - a +0 robe (melded)
Scrolls
 c - a scroll of blinking


   Skills:
 + Level 2.5 Fighting
 - Level 2.1 Dodging
 - Level 1.5 Stealth
 + Level 3.2 Spellcasting


You couldn't memorise any spells.
You knew the following spells:

 Your Spells              Type           Power      Damage    Failure   Level
a - Foxfire               Conj/Fire      60%        2x1d7     3%          1
b - Scorch                Fire           30%        2d6       6%          2
c - Kindle Blastsparks    Fire/Tloc/Air  30%        2d12      12%         3
d - Inner Flame           Hex/Fire       15%        N/A       12%         3
e - Flame Wave            Conj/Fire      15%        2d7       36%         4
f - Necrotise             Necr           60%        1d7       3%          1
Your spell library was empty.

Dungeon Overview and Level Annotations

Branches:
Dungeon (2/15)

Altars:


Innate Abilities, Weirdness & Mutations

You are a tree.
Your roots penetrate the ground, keeping you stationary.
You cannot be teleported.
You are immune to unholy pain and torment.
Your maximum health is greatly increased.
Your equipment is partially melded.
You are immune to sickness and miasma.
You are immune to poison.
((Your flesh is very heat resistant. (rF++)))
((You are vulnerable to cold. (rC-)))
You float through the air rather than walking.
You learn spells naturally, not from books.
Your magical power is your life essence.
You have superior vitality. (+4 MHP)


Message History

Robin hits you but does no damage.
The hobgoblin hits you but does no damage.
As you read the scroll labelled NOIFAO PAEN, it crumbles to dust.
It is a scroll of enchant armour.
Really abort (and waste the scroll)?
Okay, then.
Robin hits you but does no damage.
The hobgoblin hits you but does no damage.
As you read the scroll labelled WESIGA FOADUOTI, it crumbles to dust.
It is a scroll of identify.
c - a scroll of blinking Robin hits you but does no damage.
The hobgoblin hits you but does no damage.
Your magical contamination has completely faded away.
As you read the scroll labelled DERUUD ZYOW, it crumbles to dust.
You feel aware of your surroundings.
It was a scroll of magic mapping.
Robin hits you with a +0 dagger of venom.
* * * LOW HITPOINT WARNING * * *
The hobgoblin hits you but does no damage.
Casting: Foxfire (safe; 4% risk of failure)
Confirm with . or Enter, or press ? or * to list all spells.
You conjure some foxfire!
* * * LOW HITPOINT WARNING * * *
Robin laughs in a distinctly smug fashion.
Robin hits you but does no damage.
The hobgoblin hits you but does no damage.
You hit Robin but do no damage.
Robin is severely wounded.
The foxfire hits Robin.
Robin is almost dead.
The foxfire hits Robin.
You kill Robin!
The hobgoblin hits you but does no damage.
You hit the hobgoblin.
The hobgoblin is moderately wounded.
The hobgoblin hits you but does no damage.
You completely miss the hobgoblin.
The hobgoblin is moderately wounded.
The hobgoblin hits you.
You die...

#...##.##.#.##).# ***...*,****
###.###......##gg# *,,.*,**,,
###...###.##'####gg# **,**,**,*
...).....##...###..## *,,...,,*
###.######.....##.gg# ***#.#***
#.#,,##.#...#.##.g# #.#
###.#>##.8.8.8.8.##.## #.#
....#,#........).g#).# #.#
#####,+.....)..)♣)').# #.# #
*,#........).)#..#######.## #
*,##.8.8.8.8.##...........# *
#****,*##.#...#.###.########..#
* ..,,,,,,##.....## #.# #..# *
...,,,,,,##...## #.# #..# *
.###*,***###'## #.# #.)# * .#
*,,* #.#.# #.# #..# .#**,**
#...# #.########..#


You could see a hobgoblin (strong).

Vanquished Creatures
  Robin (D:2)
  A gnoll (D:1)
  3 endoplasms
  3 giant cockroaches (D:1)
  13 goblins
  10 hobgoblins
  3 jackals (D:2)
  A ball python (D:1)
  4 bats (D:1)
  2 frilled lizards
  2 kobolds (D:1)
  16 rats
59 creatures vanquished.

Vanquished Creatures (collateral kills)
  A foxfire (D:1)
1 creature vanquished.

Vanquished Creatures (others)
  101 foxfires
  2 fungi (D:1)
103 creatures vanquished.

Grand Total: 163 creatures vanquished

Notes
Turn   | Place    | Note
-------+----------+-------------------------------------------
     0 | D:1      | porpoise the Djinni Fire Elementalist began the quest for
                  | the Orb.
     0 | D:1      | porpoise set off with the following spells memorised:
                  | Foxfire, Scorch, Kindle Blastsparks, Inner Flame, Flame
                  | Wave.
     0 | D:1      | Reached XP level 1. HP: 15/15 MP: 0/0
   105 | D:1      | Reached XP level 2. HP: 21/22 MP: 0/0
   116 | D:1      | Reached skill level 1 in Fighting
   347 | D:1      | Reached XP level 3. HP: 23/27 MP: 0/0
   347 | D:1      | Learned a level 1 spell: Necrotise
   576 | D:1      | Reached skill level 3 in Spellcasting
   804 | D:1      | Found a faded altar of an unknown god.
   989 | D:2      | Reached XP level 4. HP: 32/33 MP: 0/0
  1085 | D:2      | Noticed Robin
  1110 | D:2      | HP: 1/34 [Robin/+0 dagger of venom (3)]
  1131 | D:2      | Killed Robin
  1133 | D:2      | Slain by a hobgoblin

Illustrated notes

Levels and vault maps discovered:
D:1:      roderic_dead_forest, layout_loops_ring,
          shapermc_ecumenical_altar_petra, dreamdust_mushroom_princess,
          minmay_rat_gold_closets
D:2:      layout_loops_ring, dk_noncrumbling_3, uniq_robin

Skill      XL: |  1  2  3 |
---------------+----------+-----
Fighting       | 1 2 |  2.5
Spellcasting   | 3 |  3.2
Dodging        | |  2.1
Stealth        | |  1.5

Action                   |  1- 3 |  4- 6 || total
-------------------------+-------+-------++-------
Melee: Dagger            |    10 |       ||    10
       Short sword       |     4 |     9 ||    13
 Cast: Foxfire           |    45 |    18 ||    63
       Scorch            |     4 |     3 ||     7
       Necrotise         |     4 |       ||     4
       Kindle Blastspark |       |     2 ||     2
  Use: Scroll            |       |     4 ||     4
       Potion            |       |     3 ||     3
Armor: Robe              |     3 |       ||     3
       Skin              |       |    41 ||    41
Dodge: Dodged            |    14 |     6 ||    20

Table legend: (Time is in decaauts)
 A = Elapsed time spent in this place.
 B = Non-inter-level travel time spent in this place.
 C = Inter-level travel time spent in this place.
 D = Time resting spent in this place.
 E = Time spent auto-exploring this place.
 F = Levels seen in this place.
 G = Mean time per level.
                   A        B        C        D        E       F      G
               +--------+--------+--------+--------+--------+-----+--------+
         Total |   1130 |   1095 |     35 |    138 |    637 |   2 |  565.0 |
       Dungeon |   1130 |   1095 |     35 |    138 |    637 |   2 |  565.0 |
               +--------+--------+--------+--------+--------+-----+--------+

Top non-repeatable levels by time:
     D:1: 853 daAuts
     D:2: 277 daAuts
